AoeStats
← Mhafiki

Arena

508804620Analyzed
3v3 RM · 7d ago on Sep 24, 2026· 42m 3s· 6 players
Game mode
Random Map
Map size
Normal (6 player)
Population
200
Speed
Normal
Resources
Standard
Victory
Conquest
Starting age
Dark Age
Ending age
Imperial Age
RankedLock teamsTeams togetherTeam positionsShared explorationLock speedFull tech treeHidden civsTurbo modeCheats
Victory
Defeat
🇨🇳 Franks · China
1114
+15
🇲🇽 Byzantines · Mexico
1111
+15
🇺🇸 Bohemians · United States
1089
+16
🇺🇸 Varangians · United States
1137
-17
🇺🇸 Danes · United States
1074
-15
🇺🇸 Lithuanians · United States
1068
-14
21Hill
10:17 Feudal Age
14:44 Castle Age
13:07 Double-Bit Axe
15:33 Loom
17:04 Fletching
20:07 Bodkin Arrow
20:13 Padded Archer Armor
23:58 Leather Archer Armor
26:07 Wheelbarrow
27:27 Horse Collar
28:01 Forging
28:56 Murder Holes
32:52 Imperial Age
30:49 Light Cavalry
32:37 Ballistics
32:26 Scale Barding Armor
35:43 Heavy Plow
36:46 Hand Cart
36:44 Town Watch
38:20 Town Patrol
39:03 Iron Casting
39:27 Bow Saw
39:19 Scale Mail Armor
40:19 Ring Archer Armor
40:17 Conscription
39:38 Pikeman
40:22 Squires
40:57 Bracer
EssLaBoa
11:51 Feudal Age
15:43 Castle Age
13:39 Double-Bit Axe
14:09 Loom
20:20 Fervor
22:50 Bow Saw
22:22 Horse Collar
23:57 Wheelbarrow
24:17 Heavy Plow
26:25 Gold Mining
26:27 Stone Mining
26:46 Husbandry
28:15 Hand Cart
28:48 Gold Shaft Mining
31:52 Imperial Age
30:28 Treadmill Crane
31:41 Stone Shaft Mining
30:51 Pikeman
32:47 Squires
34:42 Chemistry
33:55 Forging
33:51 Scale Barding Armor
33:36 Fletching
34:58 Ballistics
34:34 Murder Holes
34:51 Heavy Camel Rider
36:20 Iron Casting
36:06 Chain Barding Armor
35:49 Scale Mail Armor
37:57 Conscription
37:48 Bodkin Arrow
39:22 Arson
39:07 Elite Varangian Guard
43:24 Two-Man Saw
42:57 Crop Rotation
坐龙椅穿龙袍
10:39 Feudal Age
12:20 Wheelbarrow
15:48 Castle Age
15:18 Double-Bit Axe
17:02 Hand Cart
17:05 Bow Saw
20:55 Scale Barding Armor
21:48 Forging
22:50 Gold Mining
25:09 Chain Barding Armor
24:55 Loom
25:51 Hand Cart
26:19 Husbandry
26:27 Town Watch
27:47 Iron Casting
26:54 Treadmill Crane
30:05 Gold Shaft Mining
29:20 Stone Mining
29:42 Town Patrol
35:33 Imperial Age
33:36 Fortified Wall
33:46 Ballistics
34:35 Devotion
35:48 Masonry
35:46 Cavalier
37:05 Plate Barding Armor
37:31 Blast Furnace
37:39 Fletching
38:47 Light Cavalry
Mhafiki
10:59 Feudal Age
15:38 Castle Age
13:32 Double-Bit Axe
13:28 Horse Collar
15:20 Loom
17:23 Loom
18:06 Bloodlines
18:19 Bloodlines
18:10 Husbandry
19:11 Fletching
19:22 Padded Archer Armor
22:53 Bodkin Arrow
23:14 Leather Archer Armor
24:07 Bow Saw
27:48 Wheelbarrow
30:11 Ballistics
30:40 Forging
30:36 Scale Barding Armor
30:22 Light Cavalry
31:24 Gold Mining
43:51 Imperial Age
Triqem
5:12 Loom
11:24 Feudal Age
15:51 Castle Age
15:18 Double-Bit Axe
17:57 Bloodlines
20:39 Fervor
21:57 Wheelbarrow
23:04 Bow Saw
23:26 Stone Mining
23:19 Horse Collar
26:13 Husbandry
26:28 Heavy Plow
28:10 Scale Barding Armor
28:13 Light Cavalry
32:19 Imperial Age
30:42 Chain Barding Armor
31:02 Forging
31:11 Gold Mining
31:57 Hand Cart
31:35 Town Watch
31:46 Fletching
33:35 Elite Leitis
35:35 Two-Man Saw
36:24 Plate Barding Armor
36:38 Conscription
38:02 Iron Casting
39:04 Scale Mail Armor
38:27 Pikeman
39:07 Squires
39:27 Tower Shields
40:32 Chain Mail Armor
40:13 Bodkin Arrow
40:07 Halberdier
40:50 Squires
DVaso
11:17 Feudal Age
14:53 Castle Age
12:34 Man-at-Arms
13:20 Double-Bit Axe
13:32 Horse Collar
15:37 Squires
18:06 Long Swordsman
22:22 Wheelbarrow
21:33 Loom
30:28 Imperial Age
29:17 Redemption
29:13 Gambesons
29:29 Scale Mail Armor
29:32 Devotion
30:04 Bow Saw
29:55 Heavy Plow
29:46 Gold Mining
31:47 Block Printing
32:00 Chain Mail Armor
31:06 Two-Handed Swordsman
34:00 Illumination
34:15 Champion
35:26 Plate Mail Armor
35:06 Forging
34:43 Arson
35:51 Theocracy
37:32 Iron Casting
39:27 Blast Furnace
Connection lost

Rejoining the realm…

Still unreachable

The connection could not be restored.

Session expired

The server has moved on; the page needs a fresh start.